 Dungeon Crawl Stone Soup version 0.30-a0-585-g93115170b9 (webtiles) character file.

Game seed: 10730906131495842724

245102 cforsyth the Brawler (level 19, -15/174 HPs)
             Began as a Ghoul Monk on Jan 2, 2023.
             Was a High Priest of Okawaru.
             Demolished by a vault warden
             ... wielding a +3 heavy war axe
              (24 damage)
             ... on level 1 of the Vaults.
             The game lasted 01:36:41 (46057 turns).

cforsyth the Brawler (Ghoul Monk)                  Turns: 46057, Time: 01:36:41

Health: -15/174    AC: 43    Str: 23    XL:     19   Next: 46%
Magic:  28/28      EV: 13    Int: 10    God:    Okawaru [*****.]
Gold:   2574       SH: 20    Dex: 14    Spells: 18/18 levels left

rFire   + . .      SeeInvis +      - Unarmed
rCold   . . .      Faith    .    K - +1 kite shield {reflect}
rNeg    + + +      Spirit   .    P - +1 crystal plate armour "Aban" {Int+10}
rPois   ∞          Reflect  +    G - +2 helmet of Golden Awe {rF+ rC- Regen+}
rElec   .          Harm     .    y - +1 cloak of Winter {-Cast rN+ Will+ Stlth+}
rCorr   .          Rampage  +    R - +2 pair of gloves {hurl}
Will    +++..      NoCast   +    J - +2 pair of boots of the Eight Boll Weevils {+Blink rN+ Int-5} Stlth
                                 C - amulet of the Irksome God {Reflect Rampage Dex+3 SH+5 SInv}
HPRegen 0.00/turn                h - ring of willpower
MPRegen 0.21/turn                e - +5 ring of evasion

@: mighty, heroic, frozen, inhibited regen, very slow
A: claws 1, cold resistance 1, negative energy resistance 3, inhibited
regeneration, torment resistance 2, devour on kill
}: 2/15 runes: barnacled, gossamer
a: Renounce Religion, Evoke Blink, Heroism, Finesse, Duel


You were on level 1 of the Vaults.
You worshipped Okawaru.
Okawaru was extremely pleased with you.
You visited 7 branches of the dungeon, and saw 32 of its levels.
You visited the Abyss 1 time.
You also visited: Gauntlet and Ice Cave.

You collected 3062 gold pieces.
You spent 488 gold pieces at shops.

Inventory:

Missiles
 a - 5 throwing nets (quivered)
Armour
 y - the +1 cloak of Winter (worn) {-Cast rN+ Will+ Stlth+}
   (You acquired it on level 5 of the Lair of Beasts)

   rN:        It protects you from negative energy.
   -Cast:     It prevents spellcasting.
   Will:      It increases your willpower.
   Stlth:     It makes you more stealthy.
 G - the +2 helmet of Golden Awe (worn) {rF+ rC- Regen+}
   (Okawaru gifted it to you on level 12 of the Dungeon)

   rF:        It protects you from fire.
   rC:        It makes you vulnerable to cold.
   Regen:     It increases your rate of health regeneration.
 J - the +2 pair of boots of the Eight Boll Weevils (worn) {+Blink rN+ Int-5}
   (You bought it in a shop on level 8 of the Dungeon)

   Int:       It affects your intelligence (-5).
   rN:        It protects you from negative energy.
   +Blink:    It lets you blink.
 K - a +1 kite shield of reflection (worn)
 P - the +1 crystal plate armour "Aban" (worn) {Int+10}
   (Okawaru gifted it to you on level 9 of the Dungeon)

   Int:       It affects your intelligence (+10).
 R - a +2 pair of gloves of hurling (worn)
 U - a +1 helmet of see invisible
Jewellery
 e - a +5 ring of evasion (right hand)
 h - a ring of willpower (left hand)
 n - a ring of ice
 p - the ring "Wees Kur" {rPois rC+ Int+2}
   (You found it in a Gauntlet)

   [ring of protection from cold]

   Int:       It affects your intelligence (+2).
   rC:        It protects you from cold.
   rPois:     It protects you from poison.
 t - a +6 ring of strength
 C - the amulet of the Irksome God (around neck) {Reflect Rampage Dex+3 SH+5 SInv}
   (You acquired it on level 5 of the Lair of Beasts)

   [amulet of reflection]

   It reflects blocked missile attacks.
   Dex:       It affects your dexterity (+3).
   SInv:      It lets you see invisible.
   SH:        It affects your SH (+5).
   Rampage:   It bestows one free step when moving towards enemies.
 N - a +6 ring of intelligence
 S - a ring of flight
 V - a ring of see invisible
 W - an amulet of faith
 Y - a ring of protection from fire
Wands
 f - a wand of acid (6)
 u - a wand of mindburst (13)
 x - a wand of polymorph (15)
 z - a wand of flame (87)
 A - a wand of paralysis (27)
 F - a wand of iceblast (15)
 H - a wand of digging (13)
Scrolls
 d - 3 scrolls of immolation
 g - 6 scrolls of blinking
 i - 5 scrolls of enchant armour
 q - a scroll of magic mapping
 s - 6 scrolls of poison
 v - 2 scrolls of fear
 B - 9 scrolls of teleportation
 D - 4 scrolls of torment
 E - 5 scrolls of fog
 I - 3 scrolls of vulnerability
 M - a scroll of enchant weapon
 O - a scroll of brand weapon
 Q - 20 scrolls of identify
 X - a scroll of amnesia
Potions
 b - 8 potions of ambrosia
 c - 3 potions of brilliance
 j - 3 potions of invisibility
 k - 9 potions of attraction
 l - 6 potions of flight
 m - 13 potions of curing
 o - 3 potions of might
 r - 17 potions of heal wounds
 w - 5 potions of cancellation
 L - 5 potions of resistance
 T - a potion of haste


   Skills:
 - Level 16.8(21.8) Fighting
 + Level 16.9(21.9) Armour
 - Level 2.6(7.6) Dodging
 - Level 2.1(7.1) Stealth
 - Level 11.8(16.8) Shields
 + Level 20.5(25.5) Unarmed Combat
 - Level 14.0 Invocations


You had 18 spell levels left.
You didn't know any spells.
Your spell library contained the following spells:

 Spells                   Type           Power      Damage    Failure   Level
 Apportation              Tloc           0%         N/A       100%        1
 Foxfire                  Conj/Fire      0%         2x1d4     100%        1
 Necrotise                Necr           0%         1d4       100%        1
 Slow                     Hex            0%         N/A       100%        1
 Ensorcelled Hibernation  Hex/Ice        0%         N/A       100%        2
 Passwall                 Tmut/Erth      0%         N/A       100%        2
 Confusing Touch          Hex            0%         N/A       100%        3
 Dazzling Flash           Conj/Hex       0%         N/A       100%        3
 Gell's Gravitas          Tloc           0%         N/A       100%        3
 Ignite Poison            Fire/Tmut/Pois 0%         N/A       100%        3
 Kindle Blastsparks       Fire/Tloc/Air  0%         2d10      100%        3
 Lesser Beckoning         Tloc           0%         N/A       100%        3
 Ozocubu's Armour         Ice            0%         N/A       100%        3
 Swiftness                Air            0%         N/A       100%        3
 Teleport Other           Tloc           0%         N/A       100%        3
 Vampiric Draining        Necr           0%         2d6       100%        3
 Flame Wave               Conj/Fire      0%         2d4       100%        4
 Fulminant Prism          Conj/Hex       0%         3d5       100%        4
 Iskenderun's Mystic Bla  Conj/Tloc      0%         2d3       100%        4
 Manifold Assault         Tloc           0%         N/A       100%        4
 Passage of Golubria      Tloc           0%         N/A       100%        4
 Alistair's Intoxication  Tmut/Pois      0%         N/A       100%        5
 Freezing Cloud           Conj/Ice/Air   0%         6-21      100%        5
 Lee's Rapid Deconstruct  Erth           0%         3d4*      100%        5
 Lightning Bolt           Conj/Air       0%         1d11      100%        5
 Metabolic Englaciation   Hex/Ice        0%         N/A       100%        5
 Silence                  Hex/Air        0%         N/A       100%        5
 Dispersal                Tloc           0%         N/A       100%        6
 Starburst                Conj/Fire      0%         6d3       100%        6
 Disjunction              Tloc           0%         N/A       100%        8
 Lehudib's Crystal Spear  Conj/Erth      0%         10d2      100%        8
 Maxwell's Capacitive Co  Air            0%         ∞         100%        8
 Polar Vortex             Ice            0%         N/A       100%        9
 Summon Small Mammal      Summ           Unusable   N/A       N/A         1
 Summon Lightning Spire   Summ/Air       Unusable   N/A       N/A         4
 Simulacrum               Ice/Necr       Unusable   N/A       N/A         6
 Storm Form               Tmut/Air       Unusable   N/A       N/A         7

Dungeon Overview and Level Annotations

Branches:
Dungeon (15/15)            Temple (1/1) D:4            Lair (5/5) D:11
 Shoals (4/4) Lair:3       Spider (4/4) Lair:2        Slime (0/5) Lair:5
    Orc (2/2) D:9             Elf (0/3) Orc:2        Vaults (1/5) D:14
 Depths (0/4) D:15          IceCv (visited)         Gauntlet (visited)

Altars:
Ashenzari
Cheibriados
Dithmenos
Fedhas
Gozag
Hepliaklqana
Kikubaaqudgha
Makhleb
Nemelex Xobeh
Okawaru
Qazlal
Ru
Sif Muna
Trog
Uskayaw
Vehumet
Wu Jian
Xom
Yredelemnul
Jiyva

Shops:
D:1 ?   D:8 ([?[   D:15 ((   Orc:2 (=***   Shoals:2 ((([[   Vaults:1 [

Portals:
Pandemonium: Orc:2

Annotations:
Spider:1 Roxanne


Innate Abilities, Weirdness & Mutations

You are immune to poison.
You have sharp fingernails.
Your flesh is cold resistant. (rC+)
You are immune to negative energy. (rN+++)
You do not regenerate when monsters are visible.
You are immune to unholy pain and torment.
You thrive by killing the living.


Message History

You block the lindwurm's attack. x2
The lindwurm claws you but does no damage.
You block the lindwurm's attack. The lindwurm barely misses you.
The lindwurm claws you but does no damage.
You punch the lindwurm!
The lindwurm is moderately wounded.
The yaktaur captain misses you.
You punch the lindwurm!
The lindwurm is heavily wounded.
You block the lindwurm's attack. x2; The lindwurm barely misses you.
The lindwurm misses you. The lindwurm claws you.
* * * LOW HITPOINT WARNING * * *
The lindwurm claws you but does no damage.
The ironbound preserver hits you but does no damage.
The yaktaur captain barely misses you.
You beat the lindwurm into a bloody pulp!!!
You kill the lindwurm!
Okawaru accepts your kill. The lindwurm breathes flames at you.
The blast of flame hits you! You resist.
* * * LOW HITPOINT WARNING * * *
You block the ironbound preserver's attack.
The ironbound frostheart calls freezing cold from the walls.
The frost grips you!!
* * * LOW HITPOINT WARNING * * *
You are encased in ice.
You punch the vault warden!
The vault warden is lightly wounded.
You block the yaktaur captain's attack.
You closely miss the vault warden.
The vault warden is lightly wounded.
The ironbound frostheart calls freezing cold from the walls.
The frost grips you but does no damage.
The ironbound preserver hits you with a +1 great mace of draining!
* * * LOW HITPOINT WARNING * * *
You block the lindwurm's attack.
The lindwurm claws you but does no damage.
The lindwurm closely misses you.
The vault warden hits you with a +3 heavy war axe!!
You die...

#......#......#.......##
#......########..[.[..#
#......# #####)#####
#'###### #....[.# #..#
## #......# #..# $##
#......# #..# ..#
#......# #..#####p.#
#.....p# #.....'@kp#
#......# #.....'cpp#
######'# #..#####..# ..
#..# ..# #..# .## #..#
## ##+#


You could see an ironbound preserver, a vault warden, a yaktaur captain
(strong), an ironbound frostheart, a lindwurm and an ironbound convoker
(empowered, catching breath).

Vanquished Creatures
  Jorgrun (D:13)
  Polyphemus (Shoals:1)
  Agnes (Spider:1)
  The ghost of Tagont the Spry, an adept DsGl of Wu Jian (Shoals:1)
  A frost giant (Shoals:4)
  7 emperor scorpions
  4 ghost moths
  Louise (D:15)
  An ironbound preserver (Vaults:1)
  3 broodmothers
  Nessos (Lair:3)
  A dire elephant (D:15)
  A spark wasp (Spider:4)
  A minotaur (Gauntlet)
  An ettin (D:14)
  5 merfolk javelineers (Shoals:4)
  6 merfolk impalers
  A yaktaur captain (Vaults:1)
  Josephine (D:10)
  A deep elf high priest (Vaults:1)
  3 vault guards (D:14)
  5 entropy weavers
  4 jorogumos
  2 demonspawn (Orc:2)
  2 ogre magi
  2 ironbound frosthearts
  2 radroaches
  4 hydras (Lair:5)
  5 merfolk avatars
  3 alligator snapping turtles
  4 merfolk aquamancers
  2 catoblepae
  3 satyrs
  9 two-headed ogres
  4 death yaks (Shoals:1)
  2 boulder beetles
  4 centaur warriors
  2 tengu warriors (D:14)
  A soul eater (Orc:2)
  Amaemon (Lair:3)
  2 orc high priests (Orc:2)
  2 sixfirhies (Gauntlet)
  11 pharaoh ants
  12 sea snakes
  A deep troll (D:14)
  14 orb spiders
  16 harpies
  7 orc knights
  2 lindwurms (Vaults:1)
  3 ironbound convokers (Vaults:1)
  A deep elf pyromancer (D:11)
  9 steelbarb worms
  2 oklob plants
  23 wolf spiders
  A cyclops (D:11)
  21 manticores
  15 fauns
  26 ugly things
  13 orc sorcerers
  17 elephants
  4 moths of wrath
  2 ice statues (IceCv)
  3 black mambas
  An orange demon (Lair:3)
  7 torpor snails
  9 water nymphs
  2 vault sentinels
  15 merfolk sirens
  2 gargoyles
  6 demonic crawlers
  7 cane toads
  Maggie (D:6)
  An unseen horror (D:11)
  8 komodo dragons
  2 freezing wraiths
  A kobold demonologist (D:9)
  An ice devil (Orc:2)
  A tengu conjurer (Gauntlet)
  A yaktaur (D:14)
  2 trolls
  7 polar bears
  A hellwing (Orc:2)
  44 tarantellas
  38 merfolk
  3 meliai (Spider:1)
  5 hornets
  5 snapping turtles
  8 wind drakes
  26 blink frogs
  10 slime creatures
  2 dream sheep (Lair:5)
  Sigmund (D:2)
  17 jumping spiders
  14 spriggans
  7 wyverns
  2 vampires
  25 culicivoras
  12 water elementals
  40 yaks
  A ynoxinul (Orc:2)
  A human (D:14)
  8 wraiths
  Grum (D:8)
  64 redbacks
  5 basilisks
  A steam dragon (D:8)
  13 vampire mosquitoes
  Edmund (D:6)
  3 acid dragons
  16 water moccasins
  29 orc warriors
  4 sky beasts
  5 black bears
  4 boggarts
  A tengu (shapeshifter) (D:14)
  7 ogres
  37 wolves
  17 centaurs
  9 bullfrogs
  2 kobold brigands
  A necrophage (D:6)
  A gnoll sergeant (D:9)
  5 scorpions
  A cane toad simulacrum (IceCv)
  A hornet simulacrum (D:14)
  7 wights
  2 elephant simulacra (IceCv)
  13 killer bees
  4 howler monkeys
  2 electric eels
  23 orc priests
  4 jellies
  A gnoll bouda (D:4)
  Terence (D:3)
  3 iguanas
  15 orc wizards
  4 hell rats (Lair:1)
  2 wolf simulacra (IceCv)
  A mummy (D:5)
  Robin (D:2)
  8 gnolls
  11 adders
  2 shadow imps
  14 white imps
  2 ufetubi
  3 worms
  5 dart slugs
  68 orcs
  4 endoplasms
  5 giant cockroaches
  14 goblins
  8 hobgoblins
  13 jackals
  15 kobolds
  2 quokkas
  9 ball pythons
  5 bats
  4 frilled lizards
  A rat (D:1)
1159 creatures vanquished.

Vanquished Creatures (others)
  A merfolk aquamancer (Shoals:4)
  A culicivora (Spider:1)
  22 fungi
  54 plants
  19 withered plants (Gauntlet)
97 creatures vanquished.

Grand Total: 1256 creatures vanquished

Notes
Turn   | Place    | Note
-------+----------+-------------------------------------------
     0 | D:1      | cforsyth the Ghoul Monk began the quest for the Orb.
     0 | D:1      | Reached XP level 1. HP: 19/19 MP: 0/0
    67 | D:1      | Reached XP level 2. HP: 15/26 MP: 1/1
   289 | D:1      | Found a faded altar of an unknown god.
   445 | D:1      | Found Goraucil's Magic Scroll Shoppe.
   478 | D:1      | Reached XP level 3. HP: 33/33 MP: 2/2
   482 | D:1      | Reached skill level 4 in Unarmed Combat
   800 | D:2      | Noticed Robin
   880 | D:1      | Reached XP level 4. HP: 24/41 MP: 3/3
   961 | D:2      | Killed Robin
  1472 | D:2      | Found a blossoming altar of Fedhas.
  1478 | D:2      | Noticed Sigmund
  1592 | D:2      | Killed Sigmund
  1593 | D:2      | Reached skill level 5 in Fighting
  1593 | D:2      | Reached skill level 5 in Unarmed Combat
  1593 | D:2      | Reached XP level 5. HP: 39/50 MP: 4/4
  1593 | D:2      | Reached XP level 6. HP: 44/57 MP: 5/5
  1987 | D:3      | Noticed Terence
  1998 | D:3      | Killed Terence
  2437 | D:3      | Reached skill level 6 in Unarmed Combat
  2624 | D:3      | Found an ornate altar of the Wu Jian Council.
  3008 | D:4      | Found a staircase to the Ecumenical Temple.
  3087 | Temple   | Entered the Ecumenical Temple
  3116 | Temple   | Became a worshipper of Warmaster Okawaru
  3116 | Temple   | Reached * piety under Okawaru
  3116 | Temple   | Reached ** piety under Okawaru
  3700 | D:5      | Entered Level 5 of the Dungeon
  3740 | D:5      | Reached skill level 1 in Armour
  3740 | D:5      | Reached XP level 7. HP: 48/64 MP: 6/6
  4261 | D:5      | Identified the +4 scale mail "Xukke" {rN+}
  4295 | D:5      | Found a shimmering altar of Xom.
  4315 | Abyss:1  | Cast into level 1 of the Abyss (orc)
  4341 | D:5      | Escaped the Abyss
  4478 | D:5      | Found a snail-covered altar of Cheibriados.
  4535 | D:5      | Reached skill level 7 in Unarmed Combat
  4680 | D:5      | Reached XP level 8. HP: 71/73 MP: 7/7
  5046 | D:6      | Reached *** piety under Okawaru
  5195 | D:6      | Noticed Maggie
  5207 | D:6      | Killed Maggie
  5208 | D:6      | Reached skill level 8 in Unarmed Combat
  5373 | D:6      | Reached XP level 9. HP: 76/82 MP: 8/8
  5726 | D:6      | Noticed Edmund
  5738 | D:6      | Killed Edmund
  6355 | D:7      | Reached skill level 5 in Armour
  6478 | D:7      | Reached skill level 9 in Unarmed Combat
  6569 | D:7      | Reached **** piety under Okawaru
  6771 | D:7      | Found a large runed translucent door.
  6771 | D:7      | Found a large runed translucent door.
  6968 | D:7      | Found a shimmering altar of Xom.
  7456 | D:8      | Reached XP level 10. HP: 83/93 MP: 9/9
  7518 | D:8      | Found Coulirol's Magic Scroll Boutique.
  7518 | D:8      | Found Wotezucs's Weapon Boutique.
  7518 | D:8      | Found Deunop's Antique Armour Boutique.
  7523 | D:8      | Found Tipotast's Armour Boutique.
  7560 | D:8      | Reached skill level 10 in Fighting
  7560 | D:8      | Reached skill level 10 in Unarmed Combat
  7612 | D:8      | Bought a pair of warped boots for 171 gold pieces
  7612 | D:8      | Identified the +2 pair of boots of the Eight Boll Weevils
                  | {+Blink rN+ Int-5} (You bought it in a shop on level 8 of
                  | the Dungeon)
  7617 | D:8      | Bought a +1 kite shield of reflection for 189 gold pieces
  7629 | D:8      | Bought a scroll of blinking for 97 gold pieces
  7782 | D:8      | Noticed Grum
  7791 | D:8      | Killed Grum
  7792 | D:8      | Reached skill level 1 in Invocations
  7803 | D:8      | Reached ***** piety under Okawaru
  8625 | D:8      | Reached skill level 1 in Shields
  9117 | D:9      | Found a staircase to the Orcish Mines.
  9394 | D:9      | Noticed a kobold demonologist
  9641 | D:9      | Killed a kobold demonologist
  9673 | D:9      | Noticed a two-headed ogre
  9685 | D:9      | Killed a two-headed ogre
  9685 | D:9      | Identified the +1 crystal plate armour "Aban" {Int+10}
                  | (Okawaru gifted it to you on level 9 of the Dungeon)
  9685 | D:9      | Received a gift from Okawaru
 10141 | D:9      | Noticed a two-headed ogre
 10147 | D:9      | Killed a two-headed ogre
 10148 | D:9      | Reached XP level 11. HP: 96/101 MP: 12/12
 10192 | D:10     | Entered Level 10 of the Dungeon
 10195 | D:10     | Noticed a two-headed ogre
 10203 | D:10     | Killed a two-headed ogre
 10402 | D:10     | Noticed a two-headed ogre
 10409 | D:10     | Killed a two-headed ogre
 10410 | D:10     | Reached skill level 11 in Unarmed Combat
 10755 | D:10     | Noticed a two-headed ogre
 10770 | D:10     | Killed a two-headed ogre
 11490 | D:11     | Reached skill level 5 in Invocations
 11696 | D:11     | Found a staircase to the Lair.
 11756 | D:11     | Noticed a two-headed ogre
 11761 | D:11     | Killed a two-headed ogre
 11864 | D:11     | Noticed a cyclops
 11885 | D:11     | Killed a cyclops
 12000 | D:11     | Noticed Josephine
 12148 | D:11     | Noticed a deep elf pyromancer
 12152 | D:11     | Killed a deep elf pyromancer
 12153 | D:11     | Reached skill level 5 in Shields
 12155 | D:11     | Received a gift from Okawaru
 12177 | D:11     | Reached XP level 12. HP: 104/111 MP: 15/15
 12297 | D:10     | Killed Josephine
 12867 | D:12     | Reached skill level 12 in Unarmed Combat
 13421 | D:12     | Identified the +2 helmet of Golden Awe {rF+ rC- Regen+}
                  | (Okawaru gifted it to you on level 12 of the Dungeon)
 13421 | D:12     | Received a gift from Okawaru
 13826 | D:13     | Noticed a centaur warrior
 13841 | D:13     | Killed a centaur warrior
 13865 | D:13     | Noticed a boulder beetle
 13889 | D:13     | Killed a boulder beetle
 14129 | D:13     | Noticed Jorgrun
 14155 | D:13     | Killed Jorgrun
 14376 | Lair:1   | Entered Level 1 of the Lair of Beasts
 14376 | Lair:1   | Noticed a catoblepas
 14383 | Lair:1   | Killed a catoblepas
 14444 | Lair:1   | Found a gate leading to a gauntlet.
 14454 | Gauntlet | Entered a Gauntlet
 14454 | Gauntlet | Found a transporter.
 14465 | Gauntlet | Noticed a tengu warrior
 14466 | Gauntlet | Found a transporter.
 14466 | Gauntlet | Found a transporter.
 14468 | Gauntlet | Found a transporter.
 14487 | Gauntlet | Found a transporter.
 14498 | Gauntlet | Found a transporter.
 14505 | Gauntlet | Found a transporter.
 14520 | Gauntlet | Found a transporter.
 14539 | Gauntlet | Found a transporter.
 14549 | Gauntlet | Noticed a hell beast
 14552 | Gauntlet | Found a transporter.
 14560 | Gauntlet | Found a large runed translucent door.
 14561 | Gauntlet | Found a large runed translucent door.
 14562 | Gauntlet | Found a large runed translucent door.
 14562 | Gauntlet | Found a large runed translucent door.
 14563 | Gauntlet | Noticed a hell hog
 14563 | Gauntlet | Found a runed translucent gate.
 14564 | Gauntlet | Found a transporter.
 14564 | Gauntlet | Found a runed translucent gate.
 14565 | Gauntlet | Found a runed translucent gate.
 14566 | Gauntlet | Found a large runed translucent door.
 14566 | Gauntlet | Found a large runed translucent door.
 14567 | Gauntlet | Found a large runed translucent door.
 14568 | Gauntlet | Found a large runed translucent door.
 14576 | Gauntlet | Found a transporter.
 14576 | Gauntlet | Noticed a hell beast
 14588 | Gauntlet | Found a transporter.
 14602 | Gauntlet | Noticed a green death
 14605 | Gauntlet | Found a transporter.
 14622 | Gauntlet | Found a transporter.
 14624 | Gauntlet | Found a transporter.
 14653 | Gauntlet | Found a transporter.
 14655 | Gauntlet | Found a transporter.
 14676 | Gauntlet | Found a large runed translucent door.
 14677 | Gauntlet | Found a large runed translucent door.
 14689 | Gauntlet | Found a large runed translucent door.
 14689 | Gauntlet | Found a large runed translucent door.
 14689 | Gauntlet | Found a runed translucent door.
 14689 | Gauntlet | Found a runed translucent door.
 14731 | Gauntlet | Reached XP level 13. HP: 114/119 MP: 17/17
 14732 | Gauntlet | Identified the ring "Wees Kur" {rPois rC+ Int+2}
 14760 | Gauntlet | Identified the +0 helmet of the Histrionic God {Dex+3}
 14803 | Gauntlet | Identified the +6 sling "Emmogig" {freeze, *Slow MP+9 Str+8
                  | Int+3}
 14803 | Gauntlet | Identified the +3 pearl dragon scales of a wizard's
                  | laboratory {rN+ Int+2}
 14803 | Gauntlet | Noticed a minotaur
 14808 | Gauntlet | Killed a minotaur
 14812 | Gauntlet | Identified the +0 ring mail of the Lonely Xenops {Harm}
 14815 | Gauntlet | Identified the +2 ring mail "Vautug" {rElec}
 14830 | Lair:1   | Found a frozen archway.
 14857 | IceCv    | Entered an ice cave
 15115 | IceCv    | Found a transporter.
 15129 | IceCv    | Found a transporter.
 15474 | Lair:1   | Reached skill level 13 in Unarmed Combat
 16206 | Lair:2   | Identified the +9 war axe of the Philosopher {freeze,
                  | *Corrode rC+ Dex+3 SInv} (Okawaru gifted it to you on level
                  | 2 of the Lair of Beasts)
 16206 | Lair:2   | Received a gift from Okawaru
 16372 | Lair:2   | Reached skill level 10 in Armour
 16805 | Lair:2   | Found a hole to the Spider Nest.
 16981 | Lair:2   | Received a gift from Okawaru
 17901 | Lair:3   | Found a staircase to the Shoals.
 17933 | Lair:3   | Noticed Amaemon
 17953 | Lair:3   | Killed Amaemon
 17996 | Lair:3   | Noticed Nessos
 18010 | Lair:3   | Killed Nessos
 18219 | Lair:3   | Reached XP level 14. HP: 130/130 MP: 20/20
 18975 | Lair:4   | Received a gift from Okawaru
 19235 | Lair:4   | Got the Anthology of the Sage
 19270 | Lair:4   | Reached skill level 10 in Invocations
 19700 | Lair:4   | Reached skill level 14 in Unarmed Combat
 19988 | Lair:5   | Entered Level 5 of the Lair of Beasts
 19991 | Lair:5   | Found a viscous altar of Jiyva.
 20215 | Lair:5   | Found a staircase to the Slime Pits.
 21238 | Lair:5   | Received a gift from Okawaru
 21349 | Lair:5   | Identified 2 scrolls of acquirement
 21350 | Lair:5   | Acquired the +1 cloak of Winter {-Cast rN+ Will+ Stlth+}
 21358 | Lair:5   | Acquired the amulet of the Irksome God {Reflect Rampage
                  | Dex+3 SH+5 SInv}
 21568 | Lair:5   | Reached XP level 15. HP: 117/139 MP: 21/21
 21936 | Orc:1    | Entered Level 1 of the Orcish Mines
 22693 | Orc:2    | Entered Level 2 of the Orcish Mines
 22693 | Orc:2    | Found a staircase to the Elven Halls.
 22709 | Orc:2    | Reached skill level 15 in Unarmed Combat
 22882 | Orc:2    | Reached skill level 15 in Fighting
 22944 | Orc:2    | Found Hyloonto's Assorted Antiques.
 22952 | Orc:2    | Bought a scroll labelled NICYDIDEMO for 31 gold pieces
 23002 | Orc:2    | Found Haenoukh's General Store.
 23047 | Orc:2    | Found Tatea's General Store.
 23713 | Orc:1    | Identified the -1 kite shield "Buwur" {Str+2} (Okawaru
                  | gifted it to you on level 1 of the Orcish Mines)
 23713 | Orc:1    | Received a gift from Okawaru
 23885 | Orc:2    | Reached skill level 10 in Shields
 24341 | Orc:2    | Reached ****** piety under Okawaru
 24406 | Orc:2    | Found Jeyhixa's Jewellery Shop.
 24406 | Orc:2    | Found Xohicw's Antique Weapon Boutique.
 24461 | Orc:2    | Found a one-way gate leading to the halls of Pandemonium.
 24876 | D:14     | Found a stormy altar of Qazlal.
 25673 | D:14     | Identified the +1 robe "Mupyaloh" {Rampage} (Okawaru gifted
                  | it to you on level 14 of the Dungeon)
 25673 | D:14     | Received a gift from Okawaru
 25861 | D:14     | Found a gate to the Vaults.
 26016 | D:15     | Entered Level 15 of the Dungeon
 26167 | D:15     | Reached XP level 16. HP: 132/151 MP: 22/22
 26267 | D:15     | Found Fevogaes's Weapon Emporium.
 26524 | D:15     | Reached skill level 16 in Unarmed Combat
 26549 | D:15     | Found a staircase to the Depths.
 26711 | D:15     | Noticed Louise
 26725 | D:15     | Killed Louise
 26804 | D:15     | Found an opulent altar of Gozag.
 27002 | D:15     | Found Xuluhe Nuval's Antique Weapon Shoppe.
 27622 | Spider:1 | Entered Level 1 of the Spider Nest
 27777 | Spider:1 | Noticed Agnes
 27789 | Spider:1 | Killed Agnes
 28194 | Lair:2   | Received a gift from Okawaru
 28708 | Spider:1 | Noticed Roxanne
 29456 | Spider:1 | Received a gift from Okawaru
 30590 | Spider:2 | Reached skill level 17 in Unarmed Combat
 30590 | Spider:2 | Reached XP level 17. HP: 52/160 MP: 23/23
 30964 | Spider:2 | Identified the +1 chain mail of the Devil {Dex+3} (Okawaru
                  | gifted it to you on level 2 of the Spider Nest)
 30964 | Spider:2 | Received a gift from Okawaru
 33497 | Spider:4 | Entered Level 4 of the Spider Nest
 34939 | Spider:4 | Received a gift from Okawaru
 35059 | Spider:4 | Reached skill level 18 in Unarmed Combat
 36372 | Spider:4 | Received a gift from Okawaru
 36959 | Spider:4 | Reached XP level 18. HP: 161/168 MP: 26/26
 37115 | Spider:4 | Got a gossamer rune of Zot
 37410 | Shoals:1 | Entered Level 1 of the Shoals
 37432 | Shoals:1 | Noticed Tagont's ghost (adept DsGl)
 37433 | Shoals:1 | Found a runed translucent gate.
 37436 | Shoals:1 | Found a runed translucent gate.
 37440 | Shoals:1 | Found a runed translucent gate.
 37713 | Shoals:1 | Reached skill level 15 in Armour
 38443 | Shoals:1 | Identified the +0 pair of gloves "Zohoda" {rC++ Regen+
                  | Str-3 Stlth+} (Okawaru gifted it to you on level 1 of the
                  | Shoals)
 38443 | Shoals:1 | Received a gift from Okawaru
 38751 | Shoals:2 | Found Fonyzaupt's Antique Armour Emporium.
 39045 | Shoals:2 | Noticed Polyphemus
 39233 | Shoals:1 | Killed Polyphemus
 39753 | Shoals:2 | Reached skill level 19 in Unarmed Combat
 39879 | Shoals:2 | Found Libo Hec's Weapon Boutique.
 40338 | Shoals:2 | Found Uzawid's Antique Weapon Boutique.
 40581 | Shoals:2 | Found Foige's Armour Emporium.
 40623 | Shoals:2 | Found Duppu's Weapon Boutique.
 41078 | Shoals:4 | Entered Level 4 of the Shoals
 41621 | Shoals:3 | Identified the +8 trident "Undertaker" {antimagic, rCorr
                  | Dex+5}
 41929 | Shoals:4 | Identified the +2 scimitar "Killer Bee's Curse" {flame,
                  | Int+4} (Okawaru gifted it to you on level 4 of the Shoals)
 41929 | Shoals:4 | Received a gift from Okawaru
 42575 | Shoals:4 | Reached XP level 19. HP: 152/174 MP: 28/28
 42969 | Shoals:4 | Reached skill level 20 in Unarmed Combat
 43800 | Shoals:4 | Got a barnacled rune of Zot
 44921 | Shoals:1 | Killed Tagont's ghost
 44921 | Shoals:1 | Received a gift from Okawaru
 45382 | Vaults:1 | Entered Level 1 of the Vaults
 45870 | Vaults:1 | Found Buzad's Antique Armour Boutique.
 46057 | Vaults:1 | Demolished by a vault warden

Illustrated notes

Levels and vault maps discovered:
D:1:      saegor_arrival_simple_c, layout_basic,
          hellmonk_ecumenical_altar_run_dry, serial_shops,
          nicolae_shop_hallway_plus
D:2:      layout_basic, basic_altar, uniq_sigmund, uniq_robin
D:3:      layout_loops_corners, nicolae_wu_jian_immortal_techniques,
          palyth_stone_intersect, uniq_terence
D:4:      layout_gridville, minmay_temple_entry_statues_pillars
D:5:      layout_loops_ring, slow_altar_1, tgw_xom
D:6:      layout_basic, uniq_maggie, uniq_edmund
D:7:      due_chaos_kobolds, layout_basic
D:8:      layout_basic, minmay_shop_grid_forest, uniq_grum
D:9:      layout_cave_pools, david_orc_2, minmay_increasing_density
D:10:     layout_stronghold, mrwooster_statue_mirror, fungi_pond_lemuel
D:11:     layout_roguey, grunt_lair_entry_orc_guard_hut, uniq_josephine
D:12:     layout_irregular_city
D:13:     layout_rooms, uniq_jorgrun
D:14:     layout_basic, grunt_vaults_entry_fortified,
          nicolae_qazlal_general_emergency
D:15:     hangedman_depths_entry_try_elsewhere_first, layout_basic,
          serial_shops, nicolae_shop_crystal, shop,
          nicolae_gozag_cash_rules_everything_around_me, uniq_louise
Temple:   hellmonk_temple_of_storms
Lair:1:   layout_cave_pods, portal_ice_cave_entry_imps, gauntlet_entry_generic,
          grunt_megastairs_3
Lair:2:   layout_small_grid, nicolae_spider_entry_orb_guardian,
          chequers_serial_rivers_large_a, grunt_forest_stairs_clearing,
          lemuel_fruit_fields, serial_bayou_shore_a
Lair:3:   layout_cave_pods, elwin_shoals_entry_rooms,
          eino_small_chamber_without_monster, minivault_19,
          nicolae_quartered_pool_medium, infiniplex_staircase_pool, uniq_nessos,
          uniq_amaemon
Lair:4:   layout_gridlike
Lair:5:   minmay_lair_end_enchanted_forest, layout_long_grid,
          minmay_slime_entry_pillars
Shoals:1: layout_shoals, gammafunk_ghost_split, nicolae_shoals_flooded_hall
Shoals:2: layout_shoals, serial_shops, nicolae_shop_trees, shop,
          nicolae_shop_bloodbath_and_beyond, shop, nicolae_diamond_shop,
          uniq_polyphemus
Shoals:3: layout_shoals, nicolae_shoals_loop_pool
Shoals:4: shoals_end_grunt_ice, layout_shoals,
          nicolae_shoals_siren_and_animal_friends
Spider:1: layout_spider_delve, nicolae_spider_orb_run, uniq_agnes, uniq_roxanne
Spider:2: layout_chambers, guppyfry_spider_mini_2
Spider:3: layout_chambers, spiders_nest_ghost_moth_duel,
          hangedman_spider_tarantella_strand
Spider:4: guppyfry_spider_rune
Orc:1:    layout_diamond_mine, mines3_lemuel
Orc:2:    pf_orc_diabolical, layout_caves, serial_shops,
          nicolae_shop_hallway_plus
Vaults:1: hangedman_vaults_nodes, v_alt_pattern_2, v_misc_9,
          vaults_room_large_hall, ontoclasm_vaults_decontamination,
          ontoclasm_vaults_shout, vaults_mumra_chevron_long, v_misc_24,
          nicolae_vaults_puzzle_piece, v_misc_31, layout_vaults_maze_snakey,
          serial_shops, nicolae_shop_advertising_works
          [nicolae_subvault_shop_adworks]

Skill      XL: |  1  2  3  4  5  6  7  8  9 10 11 12 13 14 15 16 17 18 19 |
---------------+----------------------------------------------------------+-----
Fighting       | 4 5 6 7 8 9 10 11 12 13 14 15 16 | 16.8
Unarmed Combat | 4 5 6 7 8 9 10 11 12 13 14 15 17 18 19 20 | 20.5
Armour         | 1 2 4 6 7 8 9 10 11 12 13 14 16 | 16.9
Invocations    | 3 6 7 9 10 12 14 | 14.0
Shields        | 3 5 6 8 9 10 11 | 11.8
Dodging        | |  2.6
Stealth        | |  2.1

Action                   |  1- 3 |  4- 6 |  7- 9 | 10-12 | 13-15 | 16-18 | 19-21 || total
-------------------------+-------+-------+-------+-------+-------+-------+-------++-------
Melee: Unarmed           |   127 |   158 |   320 |   858 |  1942 |  2469 |   454 ||  6328
       Punch             |       |     3 |    15 |     2 |       |       |       ||    20
Invok: Heroism           |       |       |     2 |     3 |     7 |     8 |     4 ||    24
Evoke: Wand              |       |       |       |       |       |     2 |       ||     2
  Use: Scroll            |       |     3 |     3 |    14 |    11 |     9 |       ||    40
       Potion            |       |       |       |       |     1 |     1 |     1 ||     3
 Stab: Sleeping          |     4 |     4 |       |       |       |       |       ||     8
       Invisible         |       |       |       |       |     6 |       |       ||     6
Armor: Robe              |    27 |    10 |       |       |       |       |       ||    37
       Scale mail        |       |    14 |    93 |    90 |       |       |       ||   197
       Crystal plate arm |       |       |       |   364 |  1316 |  1535 |   218 ||  3433
Dodge: Dodged            |   147 |   113 |   243 |   300 |   650 |   863 |   103 ||  2419
Block: Kite shield       |       |       |       |   352 |  1552 |  2500 |   349 ||  4753
       Reflection        |       |       |       |    17 |    50 |    64 |     5 ||   136

Table legend: (Time is in decaauts)
 A = Elapsed time spent in this place.
 B = Non-inter-level travel time spent in this place.
 C = Inter-level travel time spent in this place.
 D = Time resting spent in this place.
 E = Time spent auto-exploring this place.
 F = Levels seen in this place.
 G = Mean time per level.
                   A        B        C        D        E       F      G
               +--------+--------+--------+--------+--------+-----+--------+
         Total |  45551 |  43391 |   2160 |   9744 |  21701 |  35 | 1301.5 |
       Dungeon |  18025 |  16914 |   1111 |   3137 |  10281 |  15 | 1201.7 |
        Temple |     42 |     29 |     13 |      0 |     11 |   1 |   42.0 |
          Lair |   7283 |   6895 |    388 |   1178 |   3860 |   5 | 1456.6 |
        Shoals |   7854 |   7547 |    307 |   1970 |   2787 |   4 | 1963.5 |
   Spider Nest |   8982 |   8726 |    256 |   2548 |   3739 |   4 | 2245.5 |
  Orcish Mines |   2233 |   2151 |     82 |    583 |    883 |   2 | 1116.5 |
        Vaults |    274 |    274 |      0 |      0 |    135 |   1 |  274.0 |
         Abyss |     25 |     25 |      0 |      0 |      0 |   1 |   25.0 |
      Ice Cave |    465 |    465 |      0 |    327 |      5 |   1 |  465.0 |
      Gauntlet |    364 |    364 |      0 |      0 |      0 |   1 |  364.0 |
               +--------+--------+--------+--------+--------+-----+--------+

Top non-repeatable levels by time:
Shoals:1: 2778 daAuts
Spider:3: 2497 daAuts
Spider:4: 2454 daAuts
  Lair:2: 2264 daAuts
Spider:1: 2083 daAuts
Shoals:4: 1994 daAuts
     D:8: 1972 daAuts
Spider:2: 1946 daAuts
    D:14: 1930 daAuts
Shoals:2: 1798 daAuts
  Lair:4: 1659 daAuts
   Orc:2: 1488 daAuts
    D:15: 1293 daAuts
    D:12: 1290 daAuts
    D:10: 1290 daAuts
